 Dungeon Crawl Stone Soup version 0.29.1-2-gbd0b4ee654 (webtiles) character file.

Game seed: 4739780267203525190

158 funnyparkerb the Magician (level 5, 0/35 HPs)
             Began as a Mummy Summoner on Nov 20, 2022.
             Slain by a hell rat (17 damage)
             ... in a sewer.
             The game lasted 00:06:52 (4346 turns).

funnyparkerb the Magician (Mummy Summoner)          Turns: 4346, Time: 00:06:53

Health: 0/35       AC:  3    Str: 12    XL:     5   Next: 16%
Magic:  6/12       EV: 12    Int: 16    God:
Gold:   118        SH:  0    Dex: 12    Spells: 4/13 levels left

rFire   x . .      SeeInvis .   j - +3 quarterstaff (chaos)
rCold   + . .      Faith    .   (shield currently unavailable)
rNeg    + + +      Spirit   .   a - +0 robe
rPois   ∞          Reflect  .   (no helmet)
rElec   .          Harm     .   i - +0 cloak
rCorr   .          Rampage  .   (no gloves)
Will    .....                   (no boots)
Stlth   ++........              (no amulet)
HPRegen 0.11/turn               (no ring)
MPRegen 0.13/turn               (no ring)

@: very slightly contaminated
A: cold resistance 1, negative energy resistance 3, torment resistance 2, heat
vulnerability 1, in touch with death 1, no potions
a: no special abilities


You were in a sewer.
You visited 1 branch of the dungeon, and saw 3 of its levels.
You also visited: Sewer.

You collected 118 gold pieces.

Inventory:

Hand Weapons
 j - a +3 quarterstaff of chaos (weapon)
Armour
 a - a +0 robe (worn)
 f - a +0 buckler
 i - a +0 cloak (worn)
Scrolls
 b - a scroll of enchant weapon {unknown}
 c - a scroll of summoning {unknown}
 d - 3 scrolls of magic mapping {unknown}
 e - 4 scrolls of identify {unknown}
 g - a scroll of noise {unknown}
 h - a scroll of poison {unknown}
 k - a scroll of blinking {unknown}


   Skills:
 - Level 1.5 Dodging
 - Level 1.5 Stealth
 + Level 4.6 Spellcasting
 + Level 1.7 Hexes
 + Level 4.2 Summonings


You had 4 spell levels left.
You knew the following spells:

 Your Spells              Type           Power      Damage    Failure   Level
a - Summon Small Mammal   Summ           68%        N/A       2%          1
b - Call Imp              Summ           17%        N/A       4%          2
c - Call Canine Familiar  Summ           17%        N/A       9%          3
d - Summon Guardian Gole  Hex/Summ       13%        N/A       14%         3

Your spell library contained the following spells:

 Spells                   Type           Power      Damage    Failure   Level
 Apportation              Tloc           6%         N/A       16%         1
 Necrotise                Necr           20%        1d5       16%         1
 Summon Lightning Spire   Summ/Air       10%        N/A       54%         4
 Hailstorm                Conj/Ice       3%         3d3       85%         4
 Simulacrum               Ice/Necr       2%         N/A       100%        6
 Ice Form                 Ice/Tmut       Unusable   N/A       N/A         4

Dungeon Overview and Level Annotations

Branches:
Dungeon (3/15)              Sewer (1/1)

Altars:
Xom

Shops:
D:1 :


Innate Abilities, Weirdness & Mutations

You are immune to poison.
Your flesh is cold resistant. (rC+)
You are immune to negative energy. (rN+++)
You are immune to unholy pain and torment.
You are vulnerable to heat. (rF-)
You are in touch with the powers of death.
You do not drink.


Message History

Your hound disappears in a puff of smoke!
The rat bites you.
You closely miss the rat. The rat bites you. The rat misses you.
You hit the rat.
You kill the rat!
No target in view!
No target in view!
Casting: Call Canine Familiar (dangerous; 9% risk of failure)
Confirm with . or Enter, or press ? or * to list all spells.
Your hound disappears in a puff of smoke!
You enter the shallow water.
Moving in this stuff is going to be slow.
No target in view!
No target in view!
Could not explore, unopened door.
You open the door.
A hell rat comes into view.
Found three items.
Found a gate leading back out of this place.
Casting: Call Canine Familiar (dangerous; 9% risk of failure)
Confirm with . or Enter, or press ? or * to list all spells.
You miscast Call Canine Familiar.
You are very lightly contaminated with residual magic.
Nothing appears to happen.
The hell rat roars deafeningly!
Found a clear potion, a pink potion and a ruby potion.
There is an open door here.
Casting: Call Canine Familiar (dangerous; 9% risk of failure)
Confirm with . or Enter, or press ? or * to list all spells.
The hell rat barely misses you.
You hit the hell rat. You freeze the hell rat.
The hell rat is lightly wounded.
Your hound bites the hell rat.
The hell rat barely misses your hound.
You closely miss the hell rat.
The hell rat is moderately wounded.
Your hound bites the hell rat but does no damage.
The hell rat bites you!!
Ouch! That really hurt!
Your hound bites the hell rat.
The hell rat bites you!
You die...

###~†.~~∩~.~~.###
#~~.~~#####.~~.~#
##...###!∩?###~~~##
#.~.##.!!???~##.~~#
#~.~#.~.~~~~~.#†~~#
#.~.##.~~~~~~##.~.#
##~..###~~~###~..##
#~.~..##r##.~~.~#
###~...@h~...~###
###..~.~~.###
#########


You could see a hell rat (ally target) and a friendly hound (summoned).

Vanquished Creatures
  A river rat (Sewer)
  A dart slug (D:1)
  3 ball pythons (D:1)
  An endoplasm (D:1)
  A giant cockroach (D:3)
  5 goblins
  4 bats (D:1)
  3 frilled lizards
  A kobold (D:1)
  10 rats
30 creatures vanquished.

Vanquished Creatures (collateral kills)
  4 adders
  A worm (D:2)
  3 dart slugs
  2 bats (D:2)
  2 endoplasms (D:1)
  4 giant cockroaches
  5 goblins
  5 hobgoblins
  3 quokkas
  3 ball pythons
  A frilled lizard (D:2)
  6 kobolds
  4 rats
43 creatures vanquished.

Vanquished Creatures (others)
  Crazy Yiuf (D:2)
  A fungus (D:2)
2 creatures vanquished.

Grand Total: 75 creatures vanquished

Notes
Turn   | Place    | Note
-------+----------+-------------------------------------------
     0 | D:1      | funnyparkerb the Mummy Summoner began the quest for the
                  | Orb.
     0 | D:1      | Reached XP level 1. HP: 13/13 MP: 4/4
   126 | D:1      | Found Syag's Book Shop.
   412 | D:1      | Reached XP level 2. HP: 19/19 MP: 3/6
   544 | D:1      | Learned a level 2 spell: Call Imp
  1082 | D:1      | Found a faded altar of an unknown god.
  1433 | D:1      | Gained mutation: You are in touch with the powers of death.
                  | [Mummy growth]
  1433 | D:1      | Reached XP level 3. HP: 21/24 MP: 6/8
  1732 | D:1      | Learned a level 3 spell: Call Canine Familiar
  1736 | D:1      | Learned a level 3 spell: Summon Guardian Golem
  2648 | D:2      | Reached XP level 4. HP: 30/30 MP: 6/10
  2740 | D:2      | Reached skill level 1 in Hexes
  3486 | D:2      | Found a runed translucent door.
  3487 | D:2      | Noticed Crazy Yiuf
  3811 | D:2      | Killed Crazy Yiuf
  4037 | D:3      | Found a shimmering altar of Xom.
  4105 | D:3      | Found a glowing drain.
  4178 | D:3      | Reached XP level 5. HP: 35/35 MP: 7/11
  4196 | Sewer    | Entered a sewer
  4346 | Sewer    | Slain by a hell rat

Illustrated notes

Levels and vault maps discovered:
D:1:      dpeg_arrival_rooms_a, layout_basic, shapermc_ecumenical_altar_pompeii,
          serial_shops, shop
D:2:      layout_loops_corners, minmay_strange_pillars, uniq_crazy_yiuf_cottage
D:3:      layout_basic, amcnicky_altar_gilded, tgw_xom, portal_sewer_entry_b,
          ebering_ghost_sewer_f, uniq_ijyb, uniq_sigmund
Sewer:    sewer_hellmonk_bad_rat

Skill      XL: |  1  2  3  4 |
---------------+-------------+-----
Spellcasting   | 3 4 |  4.6
Hexes          | 1 |  1.7
Summonings     | 4 |  4.2
Dodging        | |  1.5
Stealth        | |  1.5

Action                   |  1- 3 |  4- 6 || total
-------------------------+-------+-------++-------
Melee: Dagger            |    68 |    16 ||    84
       Unarmed           |     5 |       ||     5
       Punch             |     2 |       ||     2
       Quarterstaff      |       |    23 ||    23
 Cast: Summon Small Mamm |    33 |     2 ||    35
       Call Imp          |    21 |     6 ||    27
       Call Canine Famil |     2 |    17 ||    19
       Summon Guardian G |       |     1 ||     1
 Stab: Sleeping          |     3 |     1 ||     4
       Distracted        |       |     1 ||     1
Armor: Robe              |    23 |     8 ||    31
Dodge: Dodged            |    55 |    25 ||    80
Block: Buckler           |     3 |     1 ||     4
